 Dungeon Crawl Stone Soup version 0.29.1-12-g30fa7ad0bf (webtiles) character file.

Game seed: 1601958046952906254

36 Radix the Sneak (level 3, -1/23 HPs)
             Began as a Kobold Brigand on Dec 28, 2022.
             Slain by a gnoll
             ... wielding a +0 spear
              (5 damage)
             ... on level 2 of the Dungeon.
             The game lasted 00:04:05 (1231 turns).

Radix the Sneak (Kobold Brigand)                    Turns: 1231, Time: 00:04:06

Health: -1/23      AC: 10    Str:  8    XL:     3   Next: 57%
Magic:  3/3        EV: 10    Int: 12    God:
Gold:   78         SH:  0    Dex: 18    Spells: 2/2 levels left

rFire   . . .      SeeInvis .   l - +2 dagger (vamp)
rCold   + . .      Faith    .   (no shield)
rNeg    . . .      Spirit   .   p - +2 scale mail {rC+}
rPois   .          Reflect  .   j - +0 helmet
rElec   .          Harm     .   c - +0 cloak
rCorr   .          Rampage  .   (no gloves)
Will    .....                   (no boots)
Stlth   +++.......              (no amulet)
HPRegen 0.07/turn               g - ring of wizardry
MPRegen 0.08/turn               (no ring)

@: no status effects
A: small, no large weapons, nightstalker 3
a: no special abilities


You were on level 2 of the Dungeon.
You visited 1 branch of the dungeon, and saw 2 of its levels.

You collected 78 gold pieces.

Inventory:

Hand Weapons
 a - a +2 dagger
 l - a +2 vampiric dagger (weapon)
Missiles
 d - 9 poisoned darts (quivered)
 e - 3 curare-tipped darts
 o - 3 boomerangs
Armour
 b - a +0 robe
 c - a +0 cloak (worn)
 j - a +0 helmet (worn)
 p - a +2 scale mail of cold resistance (worn)
Jewellery
 g - a ring of wizardry (left hand)
 k - an amulet of regeneration
Scrolls
 f - a scroll of immolation {unknown}
 i - 2 scrolls of fear {unknown}
 m - 3 scrolls of identify {unknown}
 n - a scroll of vulnerability {unknown}
 r - 2 scrolls of acquirement {unknown}
Potions
 h - a potion of resistance {unknown}
 q - a potion of ambrosia {unknown}


   Skills:
 + Level 3.2 Fighting
 + Level 4.0 Short Blades
 - Level 2.1 Throwing
 - Level 1.2 Dodging
 - Level 5.3 Stealth


You had 2 spell levels left.
You didn't know any spells.
Your spell library was empty.

Dungeon Overview and Level Annotations

Branches:
Dungeon (2/15)

Altars:


Innate Abilities, Weirdness & Mutations

You are small and have problems with some larger weapons.
You are completely attuned to the shadows.


Message History

Found a robe.
r - a scroll labelled CAHACOS PEMNOU You see here a +0 robe.
m - 3 scrolls labelled XOUMAT JETWOL (gained 1)
Found a stone staircase leading down.
r - 2 scrolls labelled CAHACOS PEMNOU (gained 1)
A gnoll comes into view. It is wielding a +0 whip.
A gnoll comes into view. It is wielding a +0 spear.
The gnoll shouts!
The gnoll throws a throwing net.
The throwing net barely misses you.
A gnoll comes into view. It is wielding a +0 spear.
You closely miss the gnoll. The gnoll hits you but does no damage.
You hit the gnoll.
The gnoll is moderately wounded.
The gnoll barely misses you.
You hit the gnoll.
The gnoll is severely wounded.
The gnoll barely misses you. The gnoll hits you with a +0 whip.
You hit the gnoll.
The gnoll is almost dead.
You barely miss the gnoll.
The gnoll is almost dead.
The gnoll hits you but does no damage.
A gnoll comes into view. It is wielding a +0 whip.
The gnoll hits you but does no damage.
You hit the gnoll.
You kill the gnoll!
The gnoll hits you from afar with a +0 spear.
Your Short Blades skill increases to level 4!
The gnoll barely misses you. x2
Things that are here:
a +0 whip; a throwing net; a gnoll corpse You barely miss the gnoll.
The gnoll hits you from afar with a +0 spear.
The gnoll hits you but does no damage.
You barely miss the gnoll.
The gnoll hits you from afar with a +0 spear.
* * * LOW HITPOINT WARNING * * *
The gnoll hits you with a +0 spear.
You die...

########### #.........#
#.#######.######## #########
#.# #..(..@ggg. ......... #.#
#...######## #....##..
#.####..#.# #....##..
#......##.############....##..
#..######.....................
#>...........[....####....##..
#################(.# #....##..
##...#######.. ##. ##...


You could see 3 gnolls.

Vanquished Creatures
  A gnoll (D:2)
  2 bats (D:1)
  6 endoplasms
  A giant cockroach (D:1)
  3 goblins
  2 hobgoblins
  3 ball pythons (D:2)
  3 frilled lizards
  A kobold (D:2)
  4 rats
26 creatures vanquished.

Vanquished Creatures (others)
  2 plants (D:1)
2 creatures vanquished.

Grand Total: 28 creatures vanquished

Notes
Turn   | Place    | Note
-------+----------+-------------------------------------------
     0 | D:1      | Radix the Kobold Brigand began the quest for the Orb.
     0 | D:1      | Reached XP level 1. HP: 12/12 MP: 1/1
   236 | D:1      | Reached XP level 2. HP: 17/18 MP: 2/2
  1071 | D:2      | Reached XP level 3. HP: 23/23 MP: 3/3
  1231 | D:2      | Slain by a gnoll

Illustrated notes

Levels and vault maps discovered:
D:1:      minmay_arrival_stone_box, layout_loops_ring, serial_bayou_lagoon_b
D:2:      layout_basic, basic_altar, grunt_decor_junction

Skill      XL: |  1  2  3 |
---------------+----------+-----
Short Blades   | 3 4 |  4.0
Fighting       | 3 |  3.2
Throwing       | |  2.1
Dodging        | |  1.2
Stealth        | |  5.3

Action                   || total
-------------------------++-------
Melee: Dagger            ||    64
 Stab: Sleeping          ||    13
Armor: Robe              ||     4
       Scale mail        ||     9
Dodge: Dodged            ||    25
